General information
- name: BNet
- type: Ladder team game (AT/RT)
- host: Battle.net
- saver: ControlTheSpice
map: FullScaleAssault
- players: 8
- length: 85:59
- speed: Fast
- version: 1.24 W3XP
- replay type: Public
» download(361 KB)
Players
team 1 (winner)
ControlTheSpice (
green | 44 APM | 3744 actions | 85:59)
10 Death Knight
3 Death Coil
3 Unholy Aura
3 Death Pact
1 Animate Dead
» actions
| Assign group hotkey | 674 | |
| Basic commands | 181 | |
| Build / train | 98 | |
| Enter build submenu | 61 | |
| Enter hero's abilities submenu | 10 | |
| Give item / drop item | 9 | |
| Remove unit from queue | 1 | |
| Right click | 1637 | |
| Select / deselect | 512 | |
| Select group hotkey | 329 | |
| Use ability | 232 | |
3744 total
» units
| Acolyte | 17 | |
| Ghoul | 7 | |
| Frost Wyrm | 16 | |
| Goblin Zeppelin | 2 | |
| Goblin Shredder | 1 | |
43 total
» upgrades
| Creature Attack | 3 | |
| Creature Carapace | 3 | |
| Freezing Breath | 1 | |
7 total
» buildings
| Crypt | 1 | |
| Ziggurat | 45 | |
| Altar of Darkness | 1 | |
| Tomb of Relics | 1 | |
| Halls of the Dead | 1 | |
| Graveyard | 1 | |
| Black Citadel | 1 | |
| Sacrificial Pit | 1 | |
| Spirit Tower | 10 | |
| Boneyard | 4 | |
| Necropolis | 6 | |
72 total
» build order
00:12 Crypt
00:20 Ziggurat
00:36 Altar of Darkness
01:24 Tomb of Relics
01:50 Ziggurat
03:13 Halls of the Dead
05:39 Graveyard
07:14 Ziggurat
07:14 Ziggurat
07:15 Ziggurat
07:21 Black Citadel
07:33 Ziggurat
07:34 Ziggurat
07:35 Ziggurat
07:39 Ziggurat
07:42 Ziggurat
07:52 Sacrificial Pit
08:07 Ziggurat
08:12 Ziggurat
09:40 Spirit Tower
09:44 Boneyard
09:45 Boneyard
13:15 Ziggurat
13:17 Ziggurat
13:44 Spirit Tower
15:20 Ziggurat
15:21 Ziggurat
15:21 Ziggurat
15:24 Ziggurat
17:36 Ziggurat
17:36 Ziggurat
17:37 Ziggurat
17:37 Ziggurat
17:37 Ziggurat
18:37 Spirit Tower
18:38 Ziggurat
18:41 Ziggurat
18:43 Ziggurat
18:43 Ziggurat
21:16 Spirit Tower
21:22 Spirit Tower
21:50 Boneyard
21:54 Boneyard
24:03 Ziggurat
24:04 Ziggurat
24:04 Ziggurat
24:05 Ziggurat
25:27 Spirit Tower
26:46 Necropolis
28:12 Necropolis
30:13 Necropolis
30:57 Spirit Tower
40:50 Necropolis
40:52 Ziggurat
40:52 Ziggurat
40:53 Ziggurat
40:53 Ziggurat
40:54 Ziggurat
41:46 Spirit Tower
41:47 Spirit Tower
41:49 Spirit Tower
42:43 Ziggurat
42:44 Ziggurat
42:45 Ziggurat
42:45 Ziggurat
42:47 Ziggurat
57:34 Necropolis
57:43 Necropolis
58:34 Ziggurat
58:35 Ziggurat
58:36 Ziggurat
58:36 Ziggurat
» items
| Rod of Necromancy | 1 | |
| Staff of Teleportation | 2 | |
| Sacrificial Skull | 1 | |
| Orb of Corruption | 1 | |
| Scroll of Town Portal | 11 | |
| Scroll of Healing | 1 | |
| Healing Salve | 2 | |
| Periapt of Vitality | 2 | |
| Circlet of Nobility | 1 | |
| Potion of Invisibility | 1 | |
| Potion of Lesser Invulnerability | 1 | |
24 total
idcdammit (
purple | 52 APM | 3413 actions | 65:55)
7 Tauren Chieftain
3 Shockwave
3 Endurance Aura
1 Reincarnation
» actions
| Assign group hotkey | 23 | |
| Basic commands | 60 | |
| Build / train | 121 | |
| Enter build submenu | 27 | |
| Enter hero's abilities submenu | 8 | |
| Give item / drop item | 7 | |
| Remove unit from queue | 7 | |
| Right click | 2023 | |
| Select / deselect | 699 | |
| Select group hotkey | 193 | |
| Use ability | 242 | |
3413 total
» units
| Peon | 33 | |
| Grunt | 7 | |
| Goblin Shredder | 1 | |
| Goblin Zeppelin | 1 | |
| Troll Batrider | 48 | |
90 total
» upgrades
| Troll Regeneration | 1 | |
| Armor | 3 | |
| Ranged Weapons | 3 | |
| Liquid Fire | 1 | |
8 total
» buildings
| Orc Burrow | 12 | |
| War Mill | 2 | |
| Altar of Storms | 1 | |
| Barracks | 1 | |
| Stronghold | 1 | |
| Fortress | 1 | |
| Great Hall | 2 | |
| Beastiary | 4 | |
| Voodoo Lounge | 1 | |
| Watch Tower | 9 | |
34 total
» build order
00:21 Orc Burrow
01:10 War Mill
01:24 Altar of Storms
01:30 Barracks
02:11 Orc Burrow
02:17 Orc Burrow
03:05 Orc Burrow
03:07 Orc Burrow
04:33 Stronghold
08:29 Fortress
09:10 Great Hall
09:21 Beastiary
09:23 Beastiary
09:30 Orc Burrow
09:33 Orc Burrow
10:36 Voodoo Lounge
12:07 Orc Burrow
13:59 Beastiary
14:08 Beastiary
15:53 Watch Tower
15:56 Watch Tower
18:21 Watch Tower
18:27 Watch Tower
18:29 Watch Tower
18:30 Watch Tower
18:31 Watch Tower
18:35 Watch Tower
18:37 Watch Tower
20:26 War Mill
38:03 Great Hall
52:00 Orc Burrow
52:34 Orc Burrow
57:20 Orc Burrow
57:26 Orc Burrow
» items
| Boots of Speed | 1 | |
| Healing Salve | 1 | |
| Lesser Clarity Potion | 1 | |
| Scroll of Town Portal | 2 | |
| Tiny Great Hall | 1 | |
6 total

»
FSAS-Clifford (
pink | 23 APM | 1981 actions | 85:58)
6 Blademaster
3 Wind Walk
2 Critical Strike
1 Bladestorm
3 Shadow Hunter
2 Healing Wave
1 Serpent Ward
» actions
| Assign group hotkey | 3 | |
| Basic commands | 17 | |
| Build / train | 105 | |
| Enter build submenu | 19 | |
| Enter hero's abilities submenu | 10 | |
| Give item / drop item | 7 | |
| Remove unit from queue | 4 | |
| Right click | 1081 | |
| Select / deselect | 666 | |
| Select group hotkey | 2 | |
| Use ability | 66 | |
1981 total
» units
| Peon | 15 | |
| Grunt | 4 | |
| Troll Headhunter/Berserker | 55 | |
74 total
» upgrades
| Ranged Weapons | 3 | |
| Troll Regeneration | 1 | |
| Armor | 1 | |
| Spiked Barricades | 3 | |
| Berserker Upgrade | 1 | |
| Pillage | 1 | |
| Reinforced Defenses | 1 | |
| Melee Weapons | 0 | |
11 total
» buildings
| Orc Burrow | 8 | |
| Barracks | 3 | |
| Altar of Storms | 2 | |
| War Mill | 1 | |
| Voodoo Lounge | 1 | |
| Great Hall | 1 | |
| Watch Tower | 10 | |
| Stronghold | 1 | |
| Fortress | 1 | |
28 total
» build order
00:08 Orc Burrow
00:09 Orc Burrow
00:16 Barracks
01:21 Altar of Storms
02:39 War Mill
03:06 Voodoo Lounge
07:00 Great Hall
07:20 Orc Burrow
07:23 Orc Burrow
10:53 Watch Tower
10:54 Watch Tower
10:56 Watch Tower
10:57 Watch Tower
13:23 Stronghold
15:10 Orc Burrow
15:12 Orc Burrow
15:13 Orc Burrow
15:14 Orc Burrow
15:47 Barracks
15:48 Barracks
15:50 Fortress
29:59 Watch Tower
29:59 Watch Tower
30:00 Watch Tower
30:02 Watch Tower
30:03 Watch Tower
30:04 Watch Tower
61:46 Altar of Storms
» items
| Periapt of Vitality | 1 | |
| Potion of Healing | 1 | |
2 total
xXxDEADvMANxXx (
blue | 9 APM | 635 actions | 68:12)
5 Far Seer
3 Feral Spirit
2 Chain Lighting
3 Blademaster
2 Mirror Image
1 Critical Strike
4 Tauren Chieftain
2 Endurance Aura
2 War Stomp
» actions
| Build / train | 136 | |
| Enter build submenu | 33 | |
| Enter hero's abilities submenu | 11 | |
| Right click | 166 | |
| Select / deselect | 202 | |
| Use ability | 87 | |
635 total
» units
| Peon | 15 | |
| Grunt | 30 | |
| Raider | 41 | |
| Troll Headhunter/Berserker | 20 | |
106 total
» upgrades
| Melee Weapons | 3 | |
| Armor | 3 | |
| Spiked Barricades | 2 | |
| Berserker Strength | 1 | |
| Berserker Upgrade | 1 | |
| Ranged Weapons | 2 | |
| Reinforced Defenses | 1 | |
13 total
» buildings
| Altar of Storms | 2 | |
| Orc Burrow | 9 | |
| Barracks | 1 | |
| War Mill | 1 | |
| Stronghold | 1 | |
| Watch Tower | 16 | |
| Fortress | 1 | |
| Beastiary | 1 | |
| Great Hall | 2 | |
34 total
» build order
00:12 Altar of Storms
00:29 Orc Burrow
01:35 Orc Burrow
02:25 Barracks
03:22 Orc Burrow
03:39 War Mill
03:51 Stronghold
04:02 Orc Burrow
05:02 Watch Tower
07:08 Orc Burrow
07:15 Watch Tower
07:28 Fortress
08:11 Beastiary
08:22 Watch Tower
09:47 Great Hall
11:55 Watch Tower
13:24 Watch Tower
14:14 Orc Burrow
14:30 Watch Tower
15:22 Orc Burrow
16:16 Watch Tower
16:22 Orc Burrow
20:57 Watch Tower
21:05 Watch Tower
22:06 Watch Tower
22:10 Watch Tower
22:18 Watch Tower
24:50 Great Hall
25:01 Watch Tower
26:17 Watch Tower
27:47 Watch Tower
29:09 Watch Tower
54:50 Altar of Storms
55:06 Orc Burrow
team 2 (loser)
bobsandersisbes (
red | 36 APM | 3133 actions | 85:58)
10 Goblin Alchemist
3 Chemical Rage
3 Healing Spray
1 Transmute
3 Acid Bomb
» actions
| Assign group hotkey | 37 | |
| Basic commands | 12 | |
| Build / train | 101 | |
| Enter build submenu | 27 | |
| Enter hero's abilities submenu | 10 | |
| Give item / drop item | 6 | |
| Right click | 1272 | |
| Select / deselect | 523 | |
| Select group hotkey | 885 | |
| Use ability | 260 | |
3133 total
» units
| Acolyte | 22 | |
| Ghoul | 3 | |
| Goblin Shredder | 3 | |
| Frost Wyrm | 5 | |
| Gargoyle | 6 | |
| Goblin Zeppelin | 3 | |
| Crypt Fiend | 3 | |
45 total
» upgrades
| Creature Attack | 3 | |
| Creature Carapace | 3 | |
| Freezing Breath | 1 | |
| Stone Form | 1 | |
| Web | 1 | |
9 total
» buildings
| Graveyard | 2 | |
| Crypt | 6 | |
| Ziggurat | 43 | |
| Altar of Darkness | 1 | |
| Halls of the Dead | 3 | |
| Necropolis | 5 | |
| Nerubian Tower | 1 | |
| Black Citadel | 1 | |
| Sacrificial Pit | 1 | |
| Spirit Tower | 12 | |
| Boneyard | 2 | |
| Tomb of Relics | 1 | |
78 total
» build order
00:08 Graveyard
00:12 Crypt
00:42 Ziggurat
01:04 Altar of Darkness
02:25 Halls of the Dead
02:25 Halls of the Dead
02:32 Necropolis
03:17 Nerubian Tower
04:54 Black Citadel
04:57 Sacrificial Pit
05:01 Ziggurat
05:04 Ziggurat
05:11 Ziggurat
06:31 Spirit Tower
06:37 Ziggurat
06:40 Crypt
07:40 Boneyard
07:43 Boneyard
11:41 Necropolis
12:31 Necropolis
14:17 Ziggurat
14:18 Ziggurat
16:07 Spirit Tower
17:02 Crypt
17:02 Crypt
17:03 Crypt
17:08 Crypt
17:56 Ziggurat
17:56 Ziggurat
17:57 Ziggurat
17:57 Ziggurat
19:22 Spirit Tower
23:54 Ziggurat
23:54 Ziggurat
23:54 Ziggurat
23:55 Ziggurat
23:55 Ziggurat
23:56 Ziggurat
23:57 Ziggurat
23:57 Ziggurat
23:59 Ziggurat
23:59 Ziggurat
24:00 Ziggurat
25:11 Spirit Tower
25:28 Spirit Tower
25:29 Spirit Tower
27:19 Necropolis
28:43 Ziggurat
28:43 Ziggurat
28:43 Ziggurat
28:44 Ziggurat
28:45 Ziggurat
29:46 Spirit Tower
29:48 Spirit Tower
31:44 Ziggurat
31:45 Ziggurat
31:46 Ziggurat
31:46 Ziggurat
31:47 Ziggurat
31:48 Ziggurat
31:49 Ziggurat
31:49 Ziggurat
31:49 Ziggurat
31:50 Ziggurat
31:50 Ziggurat
31:50 Ziggurat
31:52 Ziggurat
31:52 Ziggurat
31:53 Ziggurat
33:08 Spirit Tower
33:29 Spirit Tower
34:38 Spirit Tower
43:30 Halls of the Dead
52:18 Tomb of Relics
62:21 Graveyard
65:24 Necropolis
» items
| Scroll of Town Portal | 6 | |
| Orb of Venom | 1 | |
| Staff of Teleportation | 1 | |
| Potion of Lesser Invulnerability | 6 | |
| Potion of Invisibility | 4 | |
18 total
weepeepee (
orange | 1 APM | 2 actions | 03:07)
» actions
| Right click | 1 | |
| Select / deselect | 1 | |
2 total

»
StinkMop (
teal | 14 APM | 967 actions | 69:35)
7 Demon Hunter
1 Immolation
2 Mana Burn
3 Evasion
1 Metamorphosis
» actions
| Assign group hotkey | 18 | |
| Basic commands | 42 | |
| Build / train | 74 | |
| Enter build submenu | 20 | |
| Enter hero's abilities submenu | 7 | |
| Remove unit from queue | 2 | |
| Right click | 192 | |
| Select / deselect | 300 | |
| Select group hotkey | 251 | |
| Use ability | 61 | |
967 total
» units
| Wisp | 12 | |
| Archer | 22 | |
| Huntress | 10 | |
| Hippogryph | 4 | |
48 total
» upgrades
| Strength of the Moon | 3 | |
| Ultravision | 1 | |
| Moon Armor | 2 | |
| Upgrade Moon Glaive | 1 | |
| Improved Bows | 1 | |
| Marksmanship | 1 | |
| Well Spring | 1 | |
| Strength of the Wild | 1 | |
11 total
» buildings
| Altar of Elders | 1 | |
| Moon Well | 9 | |
| Ancient of War | 2 | |
| Ancient of Wonders | 1 | |
| Hunter's Hall | 1 | |
| Tree of Ages | 1 | |
| Tree of Eternity | 1 | |
| Tree of Life | 2 | |
| Ancient of Wind | 3 | |
21 total
» build order
00:04 Altar of Elders
00:08 Moon Well
01:05 Ancient of War
01:29 Ancient of Wonders
01:58 Moon Well
02:57 Hunter's Hall
03:01 Moon Well
03:58 Moon Well
04:08 Ancient of War
04:54 Moon Well
04:59 Tree of Ages
05:49 Moon Well
07:29 Moon Well
07:33 Tree of Eternity
08:32 Moon Well
09:35 Moon Well
16:21 Tree of Life
18:21 Ancient of Wind
18:29 Ancient of Wind
18:34 Ancient of Wind
27:15 Tree of Life
» items

»
SIut_Gir1 (
yellow | 70 APM | 3132 actions | 44:54)
6 Dreadlord
3 Vampiric Aura
2 Sleep
1 Carrion Swarm
6 Death Knight
3 Unholy Aura
3 Death Coil
6 Crypt Lord
3 Spiked Carapace
2 Impale
1 Locust Swarm
» actions
| Assign group hotkey | 38 | |
| Basic commands | 593 | |
| Build / train | 124 | |
| ESC pressed | 7 | |
| Enter build submenu | 45 | |
| Enter hero's abilities submenu | 19 | |
| Give item / drop item | 24 | |
| Right click | 843 | |
| Select / deselect | 591 | |
| Select group hotkey | 670 | |
| Use ability | 178 | |
3132 total
» units
| Acolyte | 24 | |
| Ghoul | 13 | |
| Frost Wyrm | 10 | |
| Goblin Shredder | 1 | |
| Goblin Zeppelin | 1 | |
49 total
» upgrades
| Cannibalize | 1 | |
| Creature Attack | 4 | |
| Unholy Strength | 3 | |
| Creature Carapace | 3 | |
| Unholy Armor | 5 | |
| Ghoul Frenzy | 1 | |
| Backpack | 1 | |
| Burrow | 1 | |
| Web | 2 | |
| Stone Form | 1 | |
| Freezing Breath | 1 | |
23 total
» buildings
| Graveyard | 2 | |
| Crypt | 1 | |
| Altar of Darkness | 1 | |
| Ziggurat | 18 | |
| Halls of the Dead | 1 | |
| Sacrificial Pit | 1 | |
| Tomb of Relics | 2 | |
| Black Citadel | 1 | |
| Spirit Tower | 10 | |
| Boneyard | 4 | |
| Necropolis | 1 | |
42 total
» build order
00:50 Graveyard
00:54 Crypt
00:57 Altar of Darkness
01:00 Ziggurat
01:18 Ziggurat
01:30 Ziggurat
04:53 Halls of the Dead
06:19 Ziggurat
07:21 Ziggurat
07:22 Ziggurat
07:24 Ziggurat
07:27 Ziggurat
07:28 Ziggurat
07:34 Sacrificial Pit
07:53 Tomb of Relics
08:03 Black Citadel
08:15 Spirit Tower
08:18 Spirit Tower
08:45 Spirit Tower
08:59 Spirit Tower
09:00 Spirit Tower
09:33 Tomb of Relics
09:36 Spirit Tower
09:37 Spirit Tower
11:20 Boneyard
11:22 Boneyard
11:59 Boneyard
12:17 Boneyard
18:07 Spirit Tower
19:48 Ziggurat
19:49 Ziggurat
20:23 Ziggurat
21:51 Ziggurat
25:01 Ziggurat
26:27 Graveyard
29:59 Spirit Tower
30:04 Spirit Tower
35:40 Ziggurat
35:41 Ziggurat
35:42 Ziggurat
35:44 Ziggurat
40:30 Necropolis
» items
| Boots of Speed | 3 | |
| Periapt of Vitality | 6 | |
| Circlet of Nobility | 4 | |
| Orb of Corruption | 3 | |
| Scroll of Town Portal | 3 | |
19 total
Chat log
(00:03 / Allies) FSAS-Clifford: WOO HOO
(00:07 / Allies) idcdammit: neato
(00:09 / All) ControlTheSpice: asl yellow
(00:14 / Allies) idcdammit: rofl green
(00:31 / Allies) idcdammit: i'll tell you his, 25 m usa
(00:32 / All) bobsandersisbes: ive been having bad lag recently, not in games
(00:33 / All) ControlTheSpice: how slutty are you
(00:42 / Allies) FSAS-Clifford: whats asl mean?
(00:48 / Allies) idcdammit: age sex location
(00:50 / Allies) ControlTheSpice: you don't need to know
(00:52 / Allies) FSAS-Clifford: xD
(01:06 / Allies) ControlTheSpice: I'm teching wyrms
(01:11 / Allies) idcdammit: tauren
(01:22 / Allies) xXxDEADvMANxXx: MEELE
(01:24 / Allies) FSAS-Clifford: shit
(01:33 / Allies) FSAS-Clifford: were all melee..
(01:37 / Allies) FSAS-Clifford: no range
(01:38 / Allies) FSAS-Clifford: no
(01:38 / Allies) FSAS-Clifford: serriosuy
(01:40 / Allies) FSAS-Clifford: dont
(01:47 / Allies) FSAS-Clifford: ill get trolls
(01:51 / Allies) xXxDEADvMANxXx: NOT GETTING BATS
(01:57 / Allies) idcdammit: i got bats yo
(02:01 / Allies) idcdammit: get trolls cliff
(02:04 / Allies) FSAS-Clifford: k
(02:28 / Allies) FSAS-Clifford: xD
(02:35 / Allies) FSAS-Clifford: who wants to harrass with me
(02:44 / Allies) idcdammit: im out
(02:50 / Allies) FSAS-Clifford: ?
(02:54 / Allies) idcdammit: just creep with me cliff
(03:06 / Allies) xXxDEADvMANxXx: LETS GO
(03:15 / Allies) FSAS-Clifford: yay
(03:42 / Allies) idcdammit: purple one first
(03:54 / Allies) idcdammit: this one
(03:57 / Allies) idcdammit: come stand next to it
(03:58 / Allies) idcdammit: rofl
(04:01 / Allies) idcdammit: its sleeping
(04:03 / Allies) idcdammit: attack it
(04:05 / Allies) idcdammit: the assassin
(04:07 / Allies) FSAS-Clifford: ...
(04:35 / Allies) FSAS-Clifford: sry
(04:38 / Allies) FSAS-Clifford: i ninjad that
(04:56 / Allies) ControlTheSpice: harass with me blue
(05:20 / Allies) FSAS-Clifford: come
(05:21 / Allies) xXxDEADvMANxXx: WAIT
(05:22 / Allies) FSAS-Clifford: purp
(05:26 / Allies) FSAS-Clifford: want the guantlet
(05:29 / Allies) idcdammit: no
(05:34 / Allies) FSAS-Clifford: 2 bad
(05:47 / Allies) FSAS-Clifford: u can give back after u get your other items if u want
(06:08 / Allies) idcdammit: bring peon
(06:17 / Allies) idcdammit: peon
(06:32 / Allies) idcdammit: take tome
(06:35 / Allies) idcdammit: build hall here
(07:21 / Allies) idcdammit: creep that
(07:26 / Allies) ControlTheSpice: wood?
(07:57 / Allies) xXxDEADvMANxXx: AGAIN?
(08:17 / Allies) ControlTheSpice: yeh
(08:39 / Allies) xXxDEADvMANxXx: LETS GO CLOSER I NEED GOLD\
(08:51 / Allies) FSAS-Clifford: stop shouting
(09:08 / Allies) FSAS-Clifford: purp
(09:09 / Allies) FSAS-Clifford: want
(09:11 / Allies) FSAS-Clifford: tome
(09:14 / Allies) idcdammit: no u take lol
(09:17 / All) FSAS-Clifford: and ring?
(09:19 / Allies) FSAS-Clifford: i dont want ring
(09:59 / Allies) xXxDEADvMANxXx: THANKS GREEN
(10:02 / Allies) ControlTheSpice: np
(10:10 / Allies) FSAS-Clifford: dude
(10:11 / Allies) FSAS-Clifford: blue
(10:16 / Allies) FSAS-Clifford: plz stop shouting
(10:40 / Allies) idcdammit: cliff
(10:42 / Allies) idcdammit: your peons
(10:52 / Allies) idcdammit: no those
(10:52 / Allies) idcdammit: cliff
(10:55 / Allies) idcdammit: not ready for those
(11:01 / Allies) idcdammit: upgrade ur hall
(11:06 / Allies) idcdammit: and upgrade your untis in war mill
(11:33 / Allies) idcdammit: no those cliff
(11:34 / Allies) idcdammit: not those
(11:41 / Allies) FSAS-Clifford: already
(11:41 / Allies) FSAS-Clifford: did
(11:45 / Allies) idcdammit: another one there
(11:59 / Allies) FSAS-Clifford: oh
(12:31 / Allies) idcdammit: wait
(12:34 / Allies) idcdammit: get that scroll back
(12:34 / Allies) idcdammit: rofl
(12:40 / Allies) FSAS-Clifford: im putting sentry
(12:54 / Allies) xXxDEADvMANxXx: LETS ALL HIT THE BASE THAT WE CAN SEE IN 1 MIN
(13:28 / Allies) ControlTheSpice: wood please
(13:31 / Allies) idcdammit: back to base pink
(13:46 / All) bobsandersisbes: my aka is mugaro and im #1 on server
(13:58 / Allies) ControlTheSpice: gold?
(14:24 / Allies) idcdammit: kk
(14:26 / Allies) idcdammit: get 12 units together
(14:39 / Allies) idcdammit: 11 units + hero i mean
(14:50 / Allies) idcdammit: k
(14:55 / Allies) idcdammit: leave the rest here
(15:01 / Allies) idcdammit: continue to upgrade at war mill
(15:06 / Allies) idcdammit: make 2 more barracks
(15:51 / Allies) xXxDEADvMANxXx: READY
(16:30 / Allies) xXxDEADvMANxXx: READY?
(16:32 / Allies) idcdammit: yes
(16:52 / Allies) idcdammit: come cliff
(17:08 / Allies) FSAS-Clifford: hope he d/c's
(17:09 / All) idcdammit: D
(17:17 / Allies) xXxDEADvMANxXx: PURPLE ATTACK THEIR BASE
(18:15 / Allies) ControlTheSpice: gold?
(19:34 / Allies) idcdammit: run
(19:48 / Allies) FSAS-Clifford: dont have 2 tell me twice
(20:22 / Allies) xXxDEADvMANxXx: NICE FIRST ATTACK GUYS
(20:26 / Allies) FSAS-Clifford: OMG
(20:27 / Allies) FSAS-Clifford: PLEASE
(20:29 / Allies) FSAS-Clifford: STFU
(20:41 / Allies) xXxDEADvMANxXx: YYYYYYYYYY
(20:51 / Allies) FSAS-Clifford: god il just squelch u
(21:03 / Allies) idcdammit: chill
(21:15 / Allies) idcdammit: green
(23:23 / Allies) ControlTheSpice: stay
(23:23 / Allies) ControlTheSpice: pink
(23:42 / Allies) xXxDEADvMANxXx: READ MY MIND PURPLE
(23:52 / Allies) ControlTheSpice: get a damn shop blue
(24:50 / Allies) ControlTheSpice: gold?
(26:13 / Allies) idcdammit: freeze towers
(26:13 / Allies) ControlTheSpice: too risky
(26:19 / Allies) idcdammit: no just freeze towers
(26:21 / Allies) idcdammit: ill go with you
(26:26 / Allies) idcdammit: so easy to do dude
(26:27 / Allies) FSAS-Clifford: shit
(26:31 / Allies) FSAS-Clifford: max unit limit
(26:41 / Allies) idcdammit: upgrade defense
(27:08 / Allies) idcdammit: rofl
(27:11 / Allies) FSAS-Clifford: ?
(27:12 / Allies) idcdammit: you wanna do tele strategy again?
(27:17 / Allies) FSAS-Clifford: xD
(27:20 / Allies) FSAS-Clifford: that was so funny
(27:27 / Allies) idcdammit: k lets do it
(27:34 / Allies) idcdammit: gonna build there
(27:36 / Allies) FSAS-Clifford: k
(27:37 / Allies) idcdammit: give me time
(27:40 / Allies) FSAS-Clifford: guys
(27:42 / Allies) idcdammit: actually
(27:43 / Allies) idcdammit: wait
(27:44 / Allies) FSAS-Clifford: get a shitload of units
(27:57 / Allies) idcdammit: nvm got money for it keep going
(28:01 / Allies) idcdammit: yo guys
(28:04 / Allies) idcdammit: im building tiny town hall
(28:07 / Allies) idcdammit: right there
(28:11 / Allies) idcdammit: we all tele at same time
(28:11 / Allies) idcdammit: and hit
(28:14 / Allies) FSAS-Clifford: and get all your units and tele there
(28:34 / Allies) idcdammit: if you don't tele me and pink die and then we lose 2v3
(28:40 / Allies) idcdammit: so you do it
(28:54 / Allies) FSAS-Clifford: weird
(29:05 / Allies) FSAS-Clifford: my exxpo has less money left than my regulare
(29:09 / Allies) FSAS-Clifford: xD
(29:23 / Allies) idcdammit: tp ready?
(29:38 / Allies) ControlTheSpice: gold
(29:49 / Allies) idcdammit: not yet cliff
(29:59 / Allies) idcdammit: err actually now
(30:00 / Allies) idcdammit: is best timne
(30:10 / Allies) FSAS-Clifford: GO GUYS
(30:20 / Allies) FSAS-Clifford: haha
(30:22 / Allies) FSAS-Clifford: i got more
(30:31 / Allies) FSAS-Clifford: HIT
(30:32 / Allies) idcdammit: gogogo
(30:37 / Allies) idcdammit: send in melee
(31:07 / Allies) idcdammit: brb
(31:43 / Allies) idcdammit: tp again
(32:00 / Allies) ControlTheSpice: gold me guys I'm desparate
(33:35 / Allies) FSAS-Clifford: yellow?
(33:41 / Allies) xXxDEADvMANxXx: YES
(33:47 / Allies) FSAS-Clifford: STFU
(34:31 / Allies) idcdammit: come green
(35:00 / Allies) xXxDEADvMANxXx: READY?
(35:08 / Allies) idcdammit: yes
(35:09 / Allies) idcdammit: go
(35:16 / Allies) idcdammit: i cant go first my units only for bs
(36:00 / All) FSAS-Clifford: ....
(36:57 / Allies) idcdammit: late green
(37:01 / Allies) idcdammit: you know your units freeze towers right
(37:03 / Allies) idcdammit: ...
(37:05 / Allies) idcdammit: freeze them?
(37:25 / All) FSAS-Clifford: wtf
(37:28 / All) FSAS-Clifford: we have a faggot
(37:32 / All) FSAS-Clifford: called green
(37:37 / Allies) ControlTheSpice: gold me then
(37:39 / Allies) ControlTheSpice: greedy
(37:42 / All) FSAS-Clifford: wow
(37:45 / All) FSAS-Clifford: your a faggot
(37:50 / All) FSAS-Clifford: sacrifgice game for gold
(38:07 / Allies) FSAS-Clifford: FINE
(38:11 / Allies) xXxDEADvMANxXx: LETS GET STRONGER N KILL THEM TOGETHER
(38:11 / Allies) ControlTheSpice: That's it?
(38:15 / Allies) ControlTheSpice: That's an insult what you gave me
(38:15 / All) FSAS-Clifford: yah
(38:16 / All) FSAS-Clifford: ok
(38:39 / Allies) idcdammit: green
(38:40 / Allies) idcdammit: why x.x
(38:51 / All) FSAS-Clifford: cause he is a cock licking faggot
(39:40 / All) FSAS-Clifford: hey purp
(39:46 / All) FSAS-Clifford: everytime we play a game with green
(39:47 / Allies) idcdammit: yo
(39:49 / All) FSAS-Clifford: wanna leave?
(39:57 / All) bobsandersisbes: pink are you seriously this stupid
(40:04 / All) FSAS-Clifford: ?
(40:09 / All) FSAS-Clifford: im not the stupid one
(40:10 / Allies) xXxDEADvMANxXx: WE CAN WIN
(40:16 / Allies) idcdammit: we can't
(40:19 / All) FSAS-Clifford: green is the one thats killing his teamate
(40:30 / Allies) ControlTheSpice: You're greedy
(40:31 / All) FSAS-Clifford: for gold >.>
(40:36 / All) FSAS-Clifford: AHHHAA
(40:38 / All) FSAS-Clifford: IM GREEDY
(40:38 / Allies) xXxDEADvMANxXx: LETS HIT RED NOW
(40:41 / Allies) FSAS-Clifford: thats funny
(40:45 / Allies) idcdammit: cant hit
(40:47 / All) FSAS-Clifford: as i remember it
(40:50 / Allies) idcdammit: green killed my hero and i have no units now
(40:55 / All) FSAS-Clifford: your the one thats killing me for gold
(41:15 / Allies) ControlTheSpice: Purple was mouthing off
(41:27 / Allies) idcdammit: you were failing >.>
(41:38 / Allies) idcdammit: you dont know how to use frosties
(41:40 / All) FSAS-Clifford: god your a fucking faggot green
(41:43 / Allies) idcdammit: we would be done already if you did
(41:46 / All) bobsandersisbes: pink
(41:48 / All) bobsandersisbes: u do realize
(41:54 / All) bobsandersisbes: ive stabbed my team too
(41:56 / All) bobsandersisbes: right?
(41:59 / All) FSAS-Clifford: no
(42:01 / All) bobsandersisbes: both teams had a backstabber, its fair
(42:14 / All) FSAS-Clifford: did u slaughter your teams heros and units
(42:23 / All) bobsandersisbes: i didn't have to
(42:36 / All) FSAS-Clifford: than what did u do
(42:47 / Allies) xXxDEADvMANxXx: GREEN LETS TAKE RED
(42:52 / All) FSAS-Clifford: BLUE
(42:55 / Allies) ControlTheSpice: k
(42:56 / Allies) FSAS-Clifford: SHUT
(42:57 / Allies) FSAS-Clifford: UP
(43:42 / Allies) FSAS-Clifford: wow
(43:43 / Allies) FSAS-Clifford: green
(43:45 / Allies) FSAS-Clifford: you suck
(43:52 / Allies) idcdammit: hes killing yellows heroes
(43:57 / Allies) idcdammit: the heroes that have been owning all game
(44:12 / All) bobsandersisbes: god work turncoat
(44:13 / Allies) FSAS-Clifford: no lets let all the ground force and melee die while u pass by the towrers u could hit ONCE and stop
(44:14 / All) bobsandersisbes: successful once again
(44:17 / All) ControlTheSpice: It's still real to me dammit!
(44:27 / All) FSAS-Clifford: red
(44:34 / All) FSAS-Clifford: how did u sabatoge your team
(44:39 / Allies) idcdammit: lol cliff
(44:44 / Allies) idcdammit: go afk and wait for the game to end
(44:45 / All) FSAS-Clifford: lol i wanna know
(44:46 / All) bobsandersisbes: i didnt, u guys were stronger, u did
(44:47 / Allies) idcdammit: we might win and might not
(44:49 / All) bobsandersisbes: but i was gonna
(44:50 / All) bobsandersisbes: anyways
(45:01 / All) FSAS-Clifford: lol then u arnt a traitor
(45:15 / All) FSAS-Clifford: trust me it wasnt fair
(45:22 / All) FSAS-Clifford: we lost 2 people cause green killed them
(45:38 / All) FSAS-Clifford: me purp and blue killed oj yellow and the other guy
(45:50 / All) bobsandersisbes: teal u want win
(45:59 / All) bobsandersisbes: chatlog good?
(46:14 / All) bobsandersisbes: teal said he wants win
(46:21 / Allies) FSAS-Clifford: good 2 know
(46:25 / All) bobsandersisbes: hes 50-53
(46:30 / All) FSAS-Clifford: oh?
(46:34 / All) FSAS-Clifford: of?*
(46:36 / All) idcdammit: Stats me and cliff
(46:56 / All) bobsandersisbes: 6-10 for purp
(47:14 / Allies) FSAS-Clifford: lol he has over 500 wins
(47:18 / All) bobsandersisbes: pink is 1-7
(47:21 / Allies) idcdammit: >.>
(47:22 / Allies) idcdammit: dude
(47:23 / All) bobsandersisbes: standoff yes
(47:27 / All) FSAS-Clifford: what
(47:30 / Allies) FSAS-Clifford: u do
(47:30 / Allies) idcdammit: not this ladder
(47:36 / Allies) FSAS-Clifford: ok im confused
(47:37 / Allies) idcdammit: those were past ladders
(47:38 / All) bobsandersisbes: okay teal pink and purple listen up
(47:42 / All) bobsandersisbes: u all have equal chance at victory
(47:49 / All) FSAS-Clifford: xD
(47:51 / All) FSAS-Clifford: how?
(47:52 / All) bobsandersisbes: me and green will kill all units and buildings, EVEN our own
(47:56 / All) bobsandersisbes: except one building
(47:57 / All) bobsandersisbes: and leave game
(48:03 / All) FSAS-Clifford: lol i have no money though
(48:04 / All) ControlTheSpice: Blue you want me to tp?
(48:10 / All) idcdammit: last to leave gets the win...?
(48:15 / Allies) xXxDEADvMANxXx: HELL YES
(48:16 / All) ControlTheSpice: Need help?
(48:17 / All) bobsandersisbes: yes purple,
(48:19 / All) bobsandersisbes: however
(48:25 / All) bobsandersisbes: u may need really good internet connection
(48:26 / All) FSAS-Clifford: im good
(48:31 / All) FSAS-Clifford: i can go afk
(48:33 / Allies) idcdammit: shit i've already lagged
(48:38 / Allies) FSAS-Clifford: xD
(48:50 / Allies) FSAS-Clifford: u need more than me
(48:56 / Allies) idcdammit: green
(49:02 / Allies) ControlTheSpice: yes?
(49:02 / Allies) idcdammit: cheat him out of the win at last second
(49:05 / All) bobsandersisbes: piss
(49:06 / Allies) idcdammit: because he probably will to you
(49:06 / Allies) ControlTheSpice: Who?
(49:09 / Allies) idcdammit: blue
(49:22 / Allies) FSAS-Clifford: dont u mean red?
(49:26 / Allies) idcdammit: er yeah
(49:27 / Allies) idcdammit: i mean red
(49:28 / Allies) idcdammit: xD
(49:34 / Allies) ControlTheSpice: why would he betray me?
(49:35 / Allies) ControlTheSpice: we had a deal
(49:47 / Allies) idcdammit: so he can get a win =/
(49:48 / Allies) xXxDEADvMANxXx: KARMA BITCH
(49:57 / Allies) FSAS-Clifford: dude
(49:58 / Allies) FSAS-Clifford: green
(50:00 / Allies) FSAS-Clifford: think
(50:06 / All) ControlTheSpice: Red these guys have brought up a good point
(50:07 / Allies) FSAS-Clifford: he set this up
(50:09 / All) ControlTheSpice: You may try to cheat me
(50:14 / Allies) FSAS-Clifford: dude...
(50:19 / Allies) FSAS-Clifford: now he is going to turn on u
(50:39 / All) ControlTheSpice: Can you beat me?
(50:47 / All) bobsandersisbes: ill own u, green
(50:48 / All) bobsandersisbes: ur noob
(50:54 / All) bobsandersisbes: noob worm masser
(50:55 / Allies) ControlTheSpice: Should I try to take him now?
(50:58 / All) bobsandersisbes: cant handle me
(51:02 / Allies) FSAS-Clifford: make more units
(51:12 / Allies) FSAS-Clifford: fast
(51:14 / Allies) FSAS-Clifford: blue
(51:17 / Allies) FSAS-Clifford: purpl
(51:22 / Allies) FSAS-Clifford: give green all money
(51:24 / Allies) xXxDEADvMANxXx: YEAH
(51:35 / Allies) FSAS-Clifford: and lumber
(51:37 / Allies) FSAS-Clifford: purple
(51:38 / Allies) FSAS-Clifford: fast
(52:00 / Allies) xXxDEADvMANxXx: NEVER
(52:10 / Allies) FSAS-Clifford: kill him
(52:11 / Allies) FSAS-Clifford: now
(52:13 / Allies) FSAS-Clifford: green
(52:15 / Allies) FSAS-Clifford: kill him!
(52:26 / All) bobsandersisbes: i kill one zigg and u tp? lol noob
(52:32 / All) bobsandersisbes: ur awful green
(52:37 / All) bobsandersisbes: purple and pink carried u
(52:42 / All) ControlTheSpice: I didn't tp you scumbag
(52:44 / Allies) FSAS-Clifford: how didnt u see this green
(53:05 / All) ControlTheSpice: you'll a little bitch red
(53:07 / All) ControlTheSpice: double crosser
(53:20 / All) bobsandersisbes: lets have a hero duel u noob, meet me at middle
(53:21 / Allies) xXxDEADvMANxXx: TOLD U BRO KARMA
(53:22 / All) FSAS-Clifford: u cant blame red
(53:27 / All) FSAS-Clifford: im sry green
(53:32 / All) FSAS-Clifford: but he is smarter than u
(53:41 / Allies) idcdammit: how rofl
(53:43 / All) FSAS-Clifford: how the hell didnt u see him
(53:43 / Allies) idcdammit: green has frosties
(53:44 / All) ControlTheSpice: MAke me feel like shit why don't you
(53:46 / Allies) xXxDEADvMANxXx: JUST BEAT HIM
(53:52 / Allies) FSAS-Clifford: thats not the point purple
(53:58 / Allies) idcdammit: dude
(54:01 / Allies) FSAS-Clifford: im not talking about units
(54:02 / Allies) idcdammit: green won a long time ago
(54:06 / Allies) FSAS-Clifford: im talking about stratagy
(54:15 / Allies) FSAS-Clifford: red has 3 bases dude
(54:27 / All) bobsandersisbes: rape
(54:36 / Allies) FSAS-Clifford: those are small bases
(54:40 / Allies) FSAS-Clifford: red has defences
(54:44 / Allies) idcdammit: so
(54:46 / All) bobsandersisbes: wonder what would happen if transmute and coil hit at same time
(54:58 / Allies) FSAS-Clifford: the point is red used green to kill the other team
(55:07 / Allies) FSAS-Clifford: and made it look like they were on same side
(55:15 / Allies) idcdammit: heal bro
(55:16 / Allies) FSAS-Clifford: but right when green was weak
(55:24 / Allies) FSAS-Clifford: he double crossed him
(55:26 / Allies) idcdammit: nooo my lumber
(55:28 / Allies) FSAS-Clifford: and he has the edge now
(55:41 / Allies) FSAS-Clifford: cause green has no money or lumber and cant make more units
(55:51 / Allies) idcdammit: help
(55:53 / Allies) FSAS-Clifford: and blue and purple wont give money and lumber
(55:59 / Allies) ControlTheSpice: hang on bud
(56:04 / Allies) FSAS-Clifford: bud....
(56:06 / Allies) ControlTheSpice: for my wyrms
(56:12 / Allies) idcdammit: we are friends now pink
(56:17 / Allies) idcdammit: where have you been
(56:22 / Allies) FSAS-Clifford: i noticed
(56:27 / Allies) ControlTheSpice: I made a mistake
(56:34 / Allies) idcdammit: tyyy
(56:42 / Allies) FSAS-Clifford: theres nothing wrong with that green
(56:50 / Allies) FSAS-Clifford: its not your fualt
(56:53 / Allies) idcdammit: err gold mine almost done anyways
(57:07 / Allies) FSAS-Clifford: red is about to counter
(58:04 / Allies) FSAS-Clifford: guys
(58:10 / Allies) FSAS-Clifford: give green all money and lumber
(58:27 / Allies) xXxDEADvMANxXx: GREEN HAS 9388 GOLD
(58:35 / Allies) FSAS-Clifford: THEN GIVE HIM MORE!!!
(58:36 / Allies) idcdammit: hes okay with resources
(58:39 / All) bobsandersisbes: pink are u really a pyshcologist
(58:43 / Allies) idcdammit: he has extra for the rest of game
(58:43 / All) bobsandersisbes: talk in all chat fools
(58:45 / Allies) xXxDEADvMANxXx: I DONT HAVE ANYY
(58:57 / Allies) FSAS-Clifford: ok...
(58:59 / Allies) idcdammit: i already gave him 10k wood
(59:46 / Allies) idcdammit: gold mine is empty now
(59:47 / Allies) idcdammit: doesnt matter
(59:59 / Allies) idcdammit: you can tele there any time you need though
(60:09 / Allies) FSAS-Clifford: i never noticed that undead land is sloped downward
(60:17 / Allies) idcdammit: its not
(60:24 / Allies) idcdammit: its called a hill bro
(60:33 / Allies) FSAS-Clifford: ...
(61:23 / Allies) FSAS-Clifford: ?
(61:24 / Allies) idcdammit: get your bm own
(61:25 / Allies) idcdammit: out*
(61:34 / Allies) FSAS-Clifford: ....
(61:37 / Allies) idcdammit: blademaster
(61:38 / Allies) ControlTheSpice: let me know when yo uguys are ready to assault his base
(62:14 / Allies) ControlTheSpice: blue you ready bro?
(62:29 / Allies) xXxDEADvMANxXx: AS READY AS I CAN GET WITH NO MONEY
(62:35 / Allies) FSAS-Clifford: omg
(62:36 / Allies) ControlTheSpice: bring your heroes
(62:37 / Allies) FSAS-Clifford: please
(62:39 / Allies) FSAS-Clifford: im begging
(62:43 / Allies) idcdammit: rofl
(62:44 / Allies) FSAS-Clifford: stop shouting
(62:45 / Allies) idcdammit: all caps
(62:51 / Allies) idcdammit: dont worry cliff
(62:52 / Allies) idcdammit: srsly
(63:00 / Allies) FSAS-Clifford: but...
(63:02 / Allies) idcdammit: chill
(63:04 / Allies) FSAS-Clifford: its so annoying
(63:06 / Allies) ControlTheSpice: Let's do it son
(63:08 / Allies) idcdammit: i know
(63:10 / Allies) FSAS-Clifford: no
(63:13 / Allies) ControlTheSpice: He played me and now I'll play him
(63:15 / Allies) idcdammit: get that bm out bro
(63:18 / Allies) FSAS-Clifford: im getting bm
(63:22 / Allies) FSAS-Clifford: wait for bm
(63:25 / Allies) ControlTheSpice: kk
(63:31 / Allies) idcdammit: we are not waiting for your level 1 peice of crap bm
(63:38 / Allies) FSAS-Clifford: its lvl 6
(63:42 / Allies) idcdammit: lol
(63:46 / Allies) idcdammit: kk then
(63:46 / Allies) ControlTheSpice: bladestorm on his ass
(63:53 / Allies) xXxDEADvMANxXx: HOW LONG HAS THIS MATCH BEEN GOING ON
(63:55 / Allies) ControlTheSpice: thinks he's slick with his alchy lol
(63:56 / Allies) FSAS-Clifford: he dosnt have many units
(63:57 / Allies) ControlTheSpice: staeling wyrms
(64:17 / Allies) idcdammit: 2 more on mine
(64:24 / Allies) FSAS-Clifford: ?
(64:27 / Allies) idcdammit: same here
(64:50 / Allies) idcdammit: b
(64:50 / Allies) idcdammit: b
(64:53 / Allies) idcdammit: b
(64:56 / Allies) idcdammit: i was jsut playing around
(64:58 / All) bobsandersisbes: come here fat cow
(64:59 / Allies) FSAS-Clifford: he will see u blue
(65:01 / All) bobsandersisbes: no hitting and running
(65:05 / All) bobsandersisbes: u are a noob purple and pink
(65:05 / Allies) ControlTheSpice: purple lead with TC
(65:07 / All) idcdammit: you didn't say that
(65:17 / All) bobsandersisbes: dont be gay guys just leave
(65:20 / All) bobsandersisbes: this is bullshit
(65:55 / Allies) FSAS-Clifford: he exited b net
(65:56 / Allies) ControlTheSpice: that sucks
(66:23 / All) FSAS-Clifford: oh wow
(66:32 / All) FSAS-Clifford: dude your so fucking banned
(66:43 / All) bobsandersisbes: lawl
(66:45 / All) bobsandersisbes: lawl
(66:50 / All) FSAS-Clifford: both of u faggots
(66:51 / All) ControlTheSpice: Why am I banned?
(66:56 / All) bobsandersisbes: i did nothing wrong
(66:57 / All) bobsandersisbes: pink
(67:00 / All) bobsandersisbes: i am innocent
(67:03 / All) ControlTheSpice: You can't ban the Ku Klux Klan
(67:07 / All) bobsandersisbes: a little innoccent bunny rabbit
(67:07 / All) FSAS-Clifford: lol do u think i give a fucking shit
(67:23 / All) bobsandersisbes: pink do not use that kind of language, my mom is watching us
(67:28 / All) bobsandersisbes: me and big brother green
(67:29 / All) FSAS-Clifford: FUCK
(67:30 / All) FSAS-Clifford: SHIT
(67:33 / All) FSAS-Clifford: FAGGOT
(67:38 / All) FSAS-Clifford: BITCH
(67:43 / All) ControlTheSpice: grow up pink
(67:44 / All) FSAS-Clifford: god go get a life
(67:46 / All) ControlTheSpice: no need for name calling
(67:54 / All) FSAS-Clifford: oh trust me
(67:55 / All) bobsandersisbes: uncalled for pink
(68:03 / All) FSAS-Clifford: say w/e u like
(68:06 / All) FSAS-Clifford: all i know is
(68:07 / All) bobsandersisbes: blizz doesnt ban people who are innocent like us
(68:10 / All) FSAS-Clifford: im banning u
(68:17 / All) ControlTheSpice: Listen to yourself, you're gonna look back and regret the things you said
(68:23 / All) FSAS-Clifford: no
(68:26 / All) FSAS-Clifford: no im really not
(68:27 / All) ControlTheSpice: You will
(68:32 / All) bobsandersisbes: teal is still here we can do standoff
(68:33 / All) ControlTheSpice: You're really coming across as a gigantic ass
(68:36 / All) FSAS-Clifford: whatever helps u sleep at night
(68:49 / All) ControlTheSpice: you could still win
(69:43 / All) ControlTheSpice: Guess not
(70:21 / All) FSAS-Clifford: well
(70:42 / All) FSAS-Clifford: i love banning people from my 4 bots, my clans bots, and my friends bots
(70:48 / All) bobsandersisbes: what clan
(71:01 / All) ControlTheSpice: Banning us from what
(71:03 / All) FSAS-Clifford: lol ya lets see im going 2 tell u
(71:21 / All) FSAS-Clifford: im banning u on a bot dumbass
(71:29 / All) ControlTheSpice: how does it effect me
(71:36 / All) FSAS-Clifford: all 7 of tem
(71:37 / All) bobsandersisbes: green
(71:41 / All) bobsandersisbes: check out pink's profile
(71:52 / All) FSAS-Clifford: ya i havnt played on east in 2 years
(71:53 / All) bobsandersisbes: i love chocolate so much, the only thing better is chocolate balls, SO GOOD! i
(71:58 / All) FSAS-Clifford: they are
(72:05 / All) FSAS-Clifford: got a problem
(72:18 / All) ControlTheSpice: are you trying to say you like nigger balls?
(72:27 / All) FSAS-Clifford: nah, just my friends
(72:29 / All) ControlTheSpice: freak
(72:33 / All) bobsandersisbes: linked it
(72:34 / All) bobsandersisbes: on msn
(72:54 / All) FSAS-Clifford: ehhehe go ahead and say what u like, im the one that gets to fuck my girlfriend AND my boyfriend
(73:13 / All) ControlTheSpice: you deserve this loss you sodomite
(73:15 / All) bobsandersisbes: ur profile sounds like ur 13
(73:25 / All) FSAS-Clifford: ya i made this profile when i was 11
(73:26 / All) ControlTheSpice: Red you might have played me like a fiddle with your psychological mind games
(73:34 / All) ControlTheSpice: But I can't tolerate a sodomite
(73:38 / All) ControlTheSpice: Pink deserves to lose
(73:42 / All) FSAS-Clifford: oh gasp
(73:47 / All) FSAS-Clifford: a homophobe
(73:53 / All) bobsandersisbes: lets have a hero duel
(73:54 / All) FSAS-Clifford: how rare
(73:55 / All) ControlTheSpice: A real American
(73:56 / All) bobsandersisbes: dk vs alchy
(73:58 / All) bobsandersisbes: wheres ur hero
(74:32 / All) ControlTheSpice: cheat
(74:39 / All) bobsandersisbes: items are allowed
(74:51 / All) ControlTheSpice: so are wyrms
(75:05 / All) FSAS-Clifford: \
(75:07 / All) FSAS-Clifford: soo
(75:15 / All) ControlTheSpice: This is our last buidling
(75:17 / All) FSAS-Clifford: is all u do with your life is try and mess with other people?
(75:20 / All) ControlTheSpice: the expo next to orange's base
(75:31 / All) bobsandersisbes: we are having fun though
(75:33 / All) ControlTheSpice: IS all you do with your life is suck cock and eat spunk?
(75:35 / All) FSAS-Clifford: thats really sad
(75:44 / All) FSAS-Clifford: nah not only
(75:47 / All) ControlTheSpice: You pinko commie dicksuck
(75:54 / All) FSAS-Clifford: i actually have friends with benefits
(76:05 / All) FSAS-Clifford: u guys probobly only have each other
(76:07 / All) FSAS-Clifford: awww
(76:13 / All) FSAS-Clifford: little 12 year old love
(76:30 / All) ControlTheSpice: You know if you apologized and made amends with the Lord
(76:32 / All) ControlTheSpice: I might let you win
(76:39 / All) FSAS-Clifford: oh no
(76:41 / All) FSAS-Clifford: christians
(76:43 / All) ControlTheSpice: Accept Christ into your heart, pink
(77:16 / All) FSAS-Clifford: wow
(77:24 / All) FSAS-Clifford: i feel sorry for your religious ass
(77:30 / All) FSAS-Clifford: u get 2 sit at home all day
(77:38 / All) ControlTheSpice: I feel sorry for your ass when you're burning in a lake of fire for all eternity
(77:56 / All) bobsandersisbes: pink, the power of christ compels you
(78:01 / All) FSAS-Clifford: ill be happy cause ill be burning with my pot smoking blow job loving friends
(78:05 / All) bobsandersisbes: http://classic.battle.net/war3/ladder/W3XP-player-profile.aspx?Gateway=Azeroth&PlayerName=fsas-clifford
(78:06 / All) FSAS-Clifford: oh trust me
(78:15 / All) FSAS-Clifford: i have many more compeling
(78:23 / All) bobsandersisbes: pink, accept jesus and wash away your sins
(78:25 / All) FSAS-Clifford: than a make believe fantasy
(78:34 / All) FSAS-Clifford: but i have many more sins to come
(78:36 / All) bobsandersisbes: listen to my sermon
(78:50 / All) FSAS-Clifford: nah im aloud to squelch people
(78:53 / All) ControlTheSpice: God's gonna cut you down
(79:08 / All) FSAS-Clifford: oh gasp, how scary
(79:10 / All) FSAS-Clifford: well then
(79:12 / All) FSAS-Clifford: smite me
(79:14 / All) FSAS-Clifford: NOW
(79:18 / All) FSAS-Clifford: IM WAITING
(79:29 / All) FSAS-Clifford: OH NO
(79:32 / All) FSAS-Clifford: NOTHING HAPPENED
(79:34 / All) ControlTheSpice: He will when you draw your last breath and your soul falls into the burning lake of fire
(79:51 / All) ControlTheSpice: Jesus didn't tap, son
(79:52 / All) FSAS-Clifford: OHHHHH OH NOOO IMA BE A LITTLE PUSSY BITCH THAT DOES ANYTHING HE'S TOLD
(79:53 / All) FSAS-Clifford: NOO
(80:02 / All) FSAS-Clifford: wow
(80:12 / All) FSAS-Clifford: ill be waiting for my dayly soul pulling
(80:27 / All) ControlTheSpice: God's gonna put you in a triangle choke
(80:36 / All) FSAS-Clifford: then why is he waiting
(80:43 / All) FSAS-Clifford: why dosnt he kill me
(80:44 / All) FSAS-Clifford: now
(80:49 / All) FSAS-Clifford: and end my pot smoking
(80:58 / All) FSAS-Clifford: and my very pleasurable orgy's
(81:08 / All) FSAS-Clifford: aww
(81:11 / All) FSAS-Clifford: but u cant do that
(81:20 / All) FSAS-Clifford: cause you like to stay at home and pray
(81:30 / All) FSAS-Clifford: and wait till your married to have sex
(81:35 / All) ControlTheSpice: I believe in Odin
(81:43 / All) FSAS-Clifford: i dont give a shit
(81:47 / All) FSAS-Clifford: its all the same
(82:00 / All) FSAS-Clifford: believe in something to make u feel better
(82:00 / All) ControlTheSpice: In the old days the Germanic tribes would drown faggots in the bogs
(82:08 / All) FSAS-Clifford: how scary
(82:09 / All) ControlTheSpice: That's what bog bodies are
(82:11 / All) ControlTheSpice: Drowned faggots
(82:24 / All) FSAS-Clifford: are they gonna build a time machine and come here and kill me
(82:45 / All) ControlTheSpice: Make amends with Thor
(82:49 / All) ControlTheSpice: And I will win this game for you
(82:51 / Allies) ControlTheSpice: 11
(83:31 / All) bobsandersisbes: ten more min and im going to bed
(83:45 / All) ControlTheSpice: Go ahead and kill my last building
(83:48 / All) ControlTheSpice: next to orange's base
(83:58 / All) bobsandersisbes: im enjoying owning ur worms
(84:08 / All) ControlTheSpice: I hid them
(85:15 / All) FSAS-Clifford: i kinda feel sorry for u guys
(85:26 / All) FSAS-Clifford: restricted by a make believe person
(85:30 / All) ControlTheSpice: haha
(85:30 / All) FSAS-Clifford: well
(85:39 / All) ControlTheSpice: Shut up already
(85:42 / All) ControlTheSpice: You suck dick
(85:50 / All) bobsandersisbes: i used invis pot but i did an action so it went away
(85:50 / All) ControlTheSpice: YOu lose
(85:51 / All) FSAS-Clifford: while i get to party and get drunk and od drugs, u can believe in nothing
(85:55 / All) bobsandersisbes: end this im going to bed good work